 Dungeon Crawl Stone Soup version 0.31.0-11-ge490571c62 (webtiles) character file.

Game seed: 5185528704787712537

5115 lotum the Nimble (level 10, -9/53 HPs)
             Began as a Felid Shapeshifter on Feb 6, 2024.
             Was a Follower of Lugonu.
             Mangled by a +3 spectral giant spiked club (42 damage)
             ... created by Erolcha
             ... on level 9 of the Dungeon.
             The game lasted 00:14:12 (8730 turns).

lotum the Nimble (Felid Shapeshifter)               Turns: 8730, Time: 00:14:13

Health: -9/53      AC:  2    Str: 14    XL:     10   Next: 32%
Magic:  11/11      EV: 28    Int: 20    God:    Lugonu [*.....]
Gold:   1040       SH:  0    Dex: 16    Spells: 9/9 levels left
                                        Lives:  0   Deaths: 4

rFire   . .          .
                       - Unarmed
rCold   . . .        (shield unavailable)
rNeg    . . .        (body armour unavailable)
rPois   .            (helmet unavailable)
rElec   .            (cloak unavailable)
rCorr   .            (gloves unavailable)
SInv    +            (boots unavailable)
Will    +....        k - amulet of magic regeneration
Stlth   +            f - +6 ring of intelligence
HPRegen 0.28/turn    (no ring)
MPRegen 0.52/turn

%: no passive effects
@: flux-form, glowing, studying Fighting
A: glow, contaminating, very small, claws 1, fangs 3, see invisible, shaggy fur
2, stealthy paws, no weapons or thrown items, no armour, multi-lived
a: Begin Untransformation, Renounce Religion, Depart the Abyss


You were on level 9 of the Dungeon.
You worshipped Lugonu.
Lugonu was aware of your devotion.
You were something dangerously unstable.
You visited 2 branches of the dungeon, and saw 10 of its levels.
You visited the Abyss 1 time.

You collected 1086 gold pieces.
You paid 46 gold pieces to Gozag.

Inventory:

Jewellery
 f - a +6 ring of intelligence (left paw)
 k - an amulet of magic regeneration (around neck)
Talismans
 b - a beast talisman
 c - a flux talisman (active)
Wands
 m - a wand of flame (13) (quivered)
 p - a wand of roots (7)
 q - a wand of digging (12)
Scrolls
 d - 3 scrolls of amnesia
 e - 2 scrolls of vulnerability
 o - a scroll of fog
 s - 2 scrolls of poison
Potions
 a - a potion of resistance
 h - 2 potions of degeneration
 i - a potion of mutation
 j - 2 potions of enlightenment
 r - a potion of brilliance


   Skills:
 + Level 6.8 Fighting
 - Level 11.0 Dodging
 - Level 2.0 Stealth
 - Level 7.0 Unarmed Combat
 - Level 5.0 Evocations
 - Level 7.0 Shapeshifting


You had 9 spell levels left.
You didn't know any spells.
Your spell library contained the following spells:

 Spells                   Type           Power      Damage    Failure   Level
 Sandblast                Erth           0%         2d4       19%         1
 Shock                    Conj/Air       0%         1d3       19%         1
 Ensorcelled Hibernation  Hex/Ice        0%         N/A       28%         2
 Ozocubu's Armour         Ice            0%         N/A       50%         3
 Passwall                 Erth           0%         N/A       50%         3
 Stone Arrow              Conj/Erth      0%         3d7       50%         3
 Swiftness                Air            0%         N/A       50%         3
 Airstrike                Air            0%         2d(0-16)  88%         4
 Brom's Barrelling Bould  Conj/Erth      0%         2d3       88%         4
 Metabolic Englaciation   Hex/Ice        0%         N/A       99%         5
 Sculpt Simulacrum        Ice/Alch       0%         N/A       100%        6


Dungeon Overview and Level Annotations

Branches:
Dungeon (9/15)             Temple (1/1) D:4             Orc (0/2) D:9
   Lair: D:8-11

Altars:
Ashenzari
Cheibriados
Dithmenos
Elyvilon
Fedhas
Gozag
Hepliaklqana
Kikubaaqudgha
Makhleb
Okawaru
Qazlal
Ru
Sif Muna
Trog
Uskayaw
Vehumet
Wu Jian
Xom
Yredelemnul
Zin
The Shining One

Annotations:
D:9 Erolcha


Innate Abilities, Weirdness & Mutations

You are something dangerously unstable.
You glow with magical radiation, making you easy to see and hit.
Foes you strike become dangerously contaminated with magical radiation.
You have sharp claws.
You have razor-sharp teeth.
You have supernaturally acute eyesight. (SInv)
You are covered in thick fur. (AC +2)
Your paws help you pounce on unaware monsters.
You are incapable of wielding weapons or throwing items.
You cannot wear armour.
You gain extra lives every three experience levels.


Message History

Erolcha casts a spell at you. You resist with almost no effort.
There is a stone staircase leading down here.
Erolcha casts a spell.
Erolcha blinks!
Erolcha mumbles some strange words.
Erolcha blinks!
There is a stone staircase leading up, spattered with blood here.
You climb upwards.
There is a stone staircase leading down here.
You start resting.
HP restored.
This is a scroll of acquirement!
You see here a manual of Fighting.
Something appears before you!
You pick up a manual of Fighting and begin studying.
You climb downwards.
Level annotation: Erolcha
There is a stone staircase leading up, spattered with blood here.
Erolcha is nearby!
Erolcha is nearby!
Erolcha is nearby!
Erolcha is nearby!
Erolcha is nearby!
You barely miss Erolcha. Erolcha completely misses you.
The +3 spectral giant spiked club completely misses you.
A +3 spectral giant spiked club comes into view.
You claw Erolcha!
Erolcha begins to glow.
Erolcha is lightly wounded.
You claw Erolcha!
Erolcha glows dangerously bright.
Erolcha is moderately wounded.
Erolcha casts a spell.
Erolcha blinks!
You closely miss the +3 spectral giant spiked club.
The +3 spectral giant spiked club disappears.
Erolcha gestures at you while chanting.
The fireball explodes!
The fireball engulfs you!! Erolcha misses you.
The +3 spectral giant spiked club hits you!!!
Ouch! That really hurt!
You die...

##..>#..<..##
#......
#....#.#...### ....#
####..#......##....#
##.##...........##
#8.8##..<..........
##.##..............
##.##..............
#8.8##.........#...
##.####..p(...## ..
##.###...O...## . #
#8.8##......##
#...##.##..>...##
#.............#
#......##.......#
#...######........
#...# #...##....
....# #..## ....


You could see Erolcha (heavy contam) and a +3 spectral giant spiked club
(wandering).

Vanquished Creatures
  A two-headed ogre (D:8)
  Pikel (D:5)
  A harpy zombie (Abyss:2)
  Sigmund (D:5)
  A wraith (D:6)
  A warg (D:9)
  Edmund (D:5)
  An orc warrior (D:7)
  2 ice beasts
  A sky beast (D:6)
  2 black bears
  A wolf (D:9)
  A centaur (D:4)
  2 lemures (D:5)
  3 kobold brigands
  3 scorpions
  A bullfrog (D:8)
  4 necrophages (D:5)
  A gnoll sergeant (D:8)
  4 wights (D:8)
  6 killer bees (D:8)
  6 howler monkeys
  A centaur zombie (D:5)
  A hound (D:3)
  6 orc priests
  3 jellies
  A human zombie (D:5)
  2 sleepcaps
  A centaur skeleton (D:5)
  A scorpion zombie (D:5)
  3 iguanas
  7 orc wizards
  Ijyb (D:5)
  A killer bee zombie (D:5)
  A hound skeleton (D:5)
  10 gnolls
  8 adders
  5 shadow imps
  A white imp (D:6)
  3 dart slugs
  28 orcs
  2 endoplasms
  3 giant cockroaches (D:2)
  6 goblins
  5 hobgoblins (D:1)
  2 quokkas
  8 ball pythons
  6 bats
  A frilled lizard (D:1)
  25 kobolds
  5 rats
192 creatures vanquished.

Vanquished Creatures (others)
  An ufetubus (Abyss:2)
  2 starspawn tentacles (Abyss:2)
3 creatures vanquished.

Grand Total: 195 creatures vanquished

Notes
Turn   | Place    | Note
-------+----------+-------------------------------------------
     0 | D:1      | lotum the Felid Shapeshifter began the quest for the Orb.
     0 | D:1      | Reached XP level 1. HP: 10/10 MP: 2/2
    68 | D:1      | Reached XP level 2. HP: 14/14 MP: 3/3
   937 | D:2      | Reached XP level 3. HP: 15/18 MP: 4/4
  1369 | D:3      | Reached skill level 3 in Dodging
  1428 | D:3      | Reached skill level 4 in Dodging
  1428 | D:3      | Reached XP level 4. HP: 12/23 MP: 5/5
  1428 | D:3      | Gained a life (2 lives remaining)
  1722 | D:3      | Reached XP level 5. HP: 26/26 MP: 6/6
  1746 | D:3      | HP: 1/26 [gnoll/+0 club (6)]
  1746 | D:3      | Mangled by a gnoll
  1746 | D:3      | Lost a life (1 life remaining)
  2239 | D:3      | Gained mutation: You are covered in thick fur. (AC +2)
                  | [Felid growth]
  2239 | D:3      | Reached XP level 6. HP: 28/30 MP: 7/7
  2563 | D:4      | Reached skill level 5 in Shapeshifting
  2687 | D:4      | Reached skill level 5 in Dodging
  2865 | D:4      | Found a radiant altar of Vehumet.
  3048 | D:4      | Found a staircase to the Ecumenical Temple.
  3063 | Temple   | Entered the Ecumenical Temple
  3131 | Temple   | Became a worshipper of Gozag Ym Sagoz the Greedy
  3184 | D:5      | Entered Level 5 of the Dungeon
  3195 | D:5      | Noticed an ice beast
  3202 | D:5      | Slain by an ice beast
  3202 | D:5      | Lost a life (0 lives remaining)
  3233 | D:5      | Found a sacrificial altar of Ru.
  3323 | D:5      | Noticed Ijyb
  3340 | D:5      | Killed Ijyb
  3371 | D:5      | Reached XP level 7. HP: 21/36 MP: 8/8
  3371 | D:5      | Gained a life (1 life remaining)
  3467 | D:5      | Found a shimmering blue altar of Sif Muna.
  3826 | D:5      | Noticed Sigmund
  3843 | D:5      | Killed Sigmund
  3987 | D:5      | Noticed Edmund
  3995 | D:5      | Killed Edmund
  3996 | D:5      | Reached XP level 8. HP: 40/40 MP: 9/9
  4082 | D:5      | Noticed Pikel
  4101 | D:5      | Killed Pikel
  4102 | D:5      | Reached skill level 6 in Dodging
  4102 | D:5      | Reached skill level 5 in Unarmed Combat
  4102 | D:5      | Reached skill level 7 in Dodging
  4526 | D:5      | Found an ancient bone altar of Kikubaaqudgha.
  4647 | D:5      | Reached skill level 8 in Dodging
  4673 | D:5      | Reached XP level 9. HP: 44/46 MP: 10/10
  4848 | D:6      | Reached skill level 5 in Fighting
  5008 | D:6      | Reached skill level 9 in Dodging
  6806 | D:8      | Noticed a two-headed ogre
  6823 | D:8      | Killed a two-headed ogre
  6824 | D:8      | Reached skill level 10 in Dodging
  6841 | D:8      | Reached XP level 10. HP: 24/53 MP: 11/11
  6841 | D:8      | Gained a life (2 lives remaining)
  7110 | D:8      | Reached skill level 5 in Evocations
  7467 | D:8      | Found a shadowy altar of Dithmenos.
  7733 | D:8      | Found a broken altar of Ashenzari.
  8059 | D:8      | Reached skill level 11 in Dodging
  8245 | D:9      | Found a staircase to the Orcish Mines.
  8411 | D:9      | Noticed Erolcha
  8414 | Abyss:2  | Cast into level 2 of the Abyss (Erolcha)
  8441 | Abyss:2  | Noticed a large abomination
  8574 | Abyss:2  | Noticed a shadow demon
  8579 | Abyss:2  | Noticed a large abomination
  8588 | Abyss:2  | Noticed a large abomination
  8591 | Abyss:2  | Mangled by a small abomination
  8591 | Abyss:2  | Lost a life (1 life remaining)
  8628 | Abyss:2  | Noticed a tentacled starspawn
  8639 | Abyss:2  | Slain by a tentacled starspawn
  8639 | Abyss:2  | Lost a life (0 lives remaining)
  8640 | Abyss:2  | Found a corrupted altar of Lugonu.
  8677 | Abyss:2  | Fell from the grace of Gozag
  8677 | Abyss:2  | Became a worshipper of Lugonu the Unformed
  8677 | Abyss:2  | Reached * piety under Lugonu
  8677 | Abyss:2  | Reached ** piety under Lugonu
  8678 | D:9      | Escaped the Abyss
  8715 | D:8      | Identified a scroll of acquirement
  8715 | D:8      | Acquired a manual of Fighting
  8730 | D:9      | Mangled by a +3 spectral giant spiked club

Illustrated notes

Levels and vault maps discovered:
D:1:      nzn_arrival_crosshair, layout_basic
D:2:      layout_rooms
D:3:      layout_loops_ring, minmay_unequal
D:4:      layout_basic, mainiacjoe_overflow_catwalk,
          minmay_temple_entry_antechambers, kennysheep_generic_room_8
D:5:      layout_loops_ring, lemuel_mausoleum_altar_kikubaaqudgha,
          mainiacjoe_overflow_tiny_flanked, mainiacjoe_overflow_small_starburst,
          uniq_pikel, uniq_sigmund, uniq_ijyb, uniq_edmund
D:6:      layout_gridville, minmay_misc_feat_cross
D:7:      layout_gridville, lemuel_flame_loot_1
D:8:      layout_basic, ashenzari_conservatory_becter,
          grunt_dithmenos_smoke_and_mirrors, minmay_liquid_box
D:9:      kennysheep_blocky_hall, layout_layer_cave,
          minmay_orc_entry_guard_dogs, amcnicky_mini_corridor_feature,
          nicolae_tricolors, uniq_erolcha
Temple:   nicolae_temple_bog_church

Skill      XL: |  1  2  3  4  5  6  7  8  9 10 |
---------------+-------------------------------+-----
Fighting       | 2 3 4 6 |  6.8
Unarmed Combat | 4 6 7 |  7.0
Dodging        | 4 5 8 10 11 | 11.0
Shapeshifting  | 3 4 5 7 |  7.0
Stealth        | 2 |  2.0
Evocations     | 4 5 |  5.0

Action                     |  1- 3 |  4- 6 |  7- 9 | 10-12 || total
---------------------------+-------+-------+-------+-------++-------
  Melee: Unarmed           |    76 |   146 |   338 |   137 ||   697
         Bite              |     7 |    18 |    47 |    21 ||    93
         Punch             |     3 |     5 |     2 |       ||    10
 Invoke: Depart the Abyss  |       |       |       |     1 ||     1
  Evoke: Wand              |       |     4 |     5 |     1 ||    10
    Use: Scroll            |     5 |     5 |     4 |     5 ||    19
         Potion            |     2 |       |     5 |       ||     7
   Stab: Sleeping          |     2 |     1 |     1 |       ||     4
         Distracted        |       |       |     1 |       ||     1
 Armour: Skin              |    21 |    47 |    67 |    42 ||   177
  Dodge: Dodged            |    52 |   120 |   315 |   191 ||   678
   Form: Beast             |       |     1 |       |       ||     1
         Flux              |       |       |     1 |       ||     1
